 Dungeon Sprint DCSS version 0.21.1-1-g345015f (webtiles) character file.

602 wilfster70 the Carver (level 7, 0/90 HPs)
             Began as a Demonspawn Berserker on June 21, 2018.
             Was a Priest of Trog.
             Slain by a centaur warrior (10 damage)
             ... in the Dungeon (Sprint I: "Red Sonja").
             The game lasted 00:02:44 (388 turns).

wilfster70 the Carver (Demonspawn Berserker)         Turns: 388, Time: 00:02:45

Health: 0/90       AC:  9    Str: 22    XL:     7   Next: 18%
Magic:  7/7        EV: 14    Int:  9    God:    Trog [***...]
Gold:   169        SH:  0    Dex: 14    Spells: 6/6 levels left

rFire    . . .     SeeInvis .   a - +0 falchion (slice)
rCold    . . .     Gourm    .   (no shield)
rNeg     . . .     Faith    .   k - +0 scale mail
rPois    .         Spirit   .   (no helmet)
rElec    .         Reflect  .   (no cloak)
rCorr    .         Harm     .   (no gloves)
MR       .....     NoTele   +   (no boots)
Stlth    ..........             (no amulet)
HPRegen  0.25/turn              (no ring)
MPRegen  0.10/turn              (no ring)

@: berserking, very quick
A: icy blue scales 1, powered by pain 2
a: Berserk, Trog's Hand, Burn Spellbooks, Renounce Religion


You were in the Dungeon.
You worshipped Trog.
Trog was most pleased with you.
You were hungry.

You visited 1 branch You collected 409 gold pieces.
You spent 240 gold pieces at shops.

Inventory:

Hand Weapons
 a - a +0 falchion of slicing (weapon)
Missiles
 b - 13 stones (quivered)
Armour
 k - a +0 scale mail (worn)
Scrolls
 i - a scroll of blinking
Potions
 d - a potion of curing
 e - a potion of heal wounds
 f - a potion of haste
 g - 2 potions of magic
 h - a potion of berserk rage
Comestibles
 c - a ration
 j - 4 chunks of flesh


   Skills:
 + Level 7.6 Fighting
 * Level 9.5 Long Blades
 + Level 6.6 Armour
 + Level 6.6 Dodging


You had 6 spell levels left.
You didn't know any spells.

Dungeon Overview and Level Annotations

Branches:
Dungeon (1/1)

Altars:
Cheibriados
Dithmenos
Elyvilon
Fedhas
Gozag
Hepliaklqana
Kikubaaqudgha
Makhleb
Nemelex Xobeh
Okawaru
Qazlal
Ru
Sif Muna
Trog
Uskayaw
Vehumet
Wu Jian
Xom
Yredelemnul
Zin
The Shining One
Jiyva
Lugonu

Shops:
D *


Innate Abilities, Weirdness & Mutations

You are partially covered in icy blue scales. (AC +2)
You sometimes gain power by taking damage.


Message History

You slash the centaur warrior!
The centaur warrior is moderately wounded.
The centaur warrior hits you!
* * * LOW HITPOINT WARNING * * *
The centaur warrior barely misses you.
You slash the centaur warrior!
The centaur warrior is heavily wounded.
You slash the centaur warrior!
The centaur warrior is severely wounded.
The centaur warrior hits you but does no damage.
The centaur warrior hits you.
* * * LOW HITPOINT WARNING * * *
The centaur warrior hits you but does no damage.
You barely miss the centaur warrior.
The centaur warrior is severely wounded.
The centaur warrior hits you but does no damage.
You closely miss the centaur warrior.
The centaur warrior is severely wounded.
The centaur warrior hits you!
You die...

######################
#<.#..)..#..'..#__#..+
#..[..#..').#..c@.'..#
#..#####'#####'#c_####
#..####..#...#§####§?#
#..#__####..##c#§§≈..#
#..#_____##'#_c'§c§§§+
#⌠⌠#_.∩...'..._#§c§§(#
####_..__##_.#'##+####
#_____###+#)# #######
###


You could see 2 centaur warriors.

Vanquished Creatures
  A slime creature (D)
  Sigmund (D)
  A yak (D)
  An ogre (D)
  A jelly (D)
  Ijyb (D)
6 creatures vanquished.

Notes
Turn   | Place    | Note
-------+----------+-------------------------------------------
     0 | D        | wilfster70 the Demonspawn Berserker began the quest for the Orb.
     0 | D        | Reached XP level 1. HP: 18/18 MP: 1/1
     2 | D        | Noticed Ijyb
    17 | D        | Killed Ijyb
    17 | D        | Reached skill level 4 in Long Blades
    17 | D        | Gained mutation: You are partially covered in icy blue scales. (AC +2) [demonic ancestry]
    17 | D        | Reached XP level 2. HP: 25/25 MP: 2/2
    49 | D        | Noticed an ogre
    54 | D        | Killed an ogre
    54 | D        | Reached skill level 5 in Long Blades
    54 | D        | Reached XP level 3. HP: 32/32 MP: 3/3
    54 | D        | Gained mutation: You sometimes gain a little power by taking damage. [demonic ancestry]
    54 | D        | Reached XP level 4. HP: 38/38 MP: 4/4
   112 | D        | Noticed Sigmund
   144 | D        | Killed Sigmund
   144 | D        | Reached ** piety under Trog
   144 | D        | Reached skill level 7 in Long Blades
   144 | D        | Reached skill level 5 in Armour
   144 | D        | Reached skill level 5 in Dodging
   144 | D        | Reached XP level 5. HP: 46/46 MP: 5/5
   197 | D        | Found a deep blue altar of Sif Muna.
   198 | D        | Found an ornate altar of the Wu Jian Council.
   199 | D        | Found a radiant altar of Vehumet.
   204 | D        | Found a burning altar of Makhleb.
   204 | D        | Found a viscous altar of Jiyva.
   204 | D        | Found a shimmering altar of Xom.
   204 | D        | Found a corrupted altar of Lugonu.
   204 | D        | Noticed a slime creature
   207 | D        | Gained mutation: You sometimes gain power by taking damage. [demonic ancestry]
   207 | D        | Reached XP level 6. HP: 53/53 MP: 6/6
   216 | D        | Killed a slime creature
   216 | D        | Reached skill level 9 in Long Blades
   271 | D        | Found Ziyhixto's General Store.
   271 | D        | Found an ancient bone altar of Kikubaaqudgha.
   271 | D        | Found a hazy altar of Hepliaklqana.
   271 | D        | Found a stormy altar of Qazlal.
   271 | D        | Found a hide-covered altar of Uskayaw.
   271 | D        | Found a blossoming altar of Fedhas.
   271 | D        | Found a bloodstained altar of Trog.
   271 | D        | Found an iron altar of Okawaru.
   271 | D        | Found a basalt altar of Yredelemnul.
   271 | D        | Found a glowing golden altar of the Shining One.
   271 | D        | Found a snail-covered altar of Cheibriados.
   271 | D        | Found a sacrificial altar of Ru.
   271 | D        | Found a glowing silver altar of Zin.
   271 | D        | Found a shadowy altar of Dithmenos.
   271 | D        | Found a white marble altar of Elyvilon.
   271 | D        | Noticed a yak
   278 | D        | Killed a yak
   278 | D        | Reached *** piety under Trog
   278 | D        | Reached XP level 7. HP: 60/60 MP: 7/7
   279 | D        | Found an opulent altar of Gozag.
   282 | D        | Found a sparkling altar of Nemelex Xobeh.
   323 | D        | Bought a scroll of brand weapon for 240 gold pieces
   354 | D        | Noticed a centaur warrior
   356 | D        | Noticed a centaur warrior
   388 | D        | Slain by a centaur warrior

Skill      XL: |  1  2  3  4  5  6 |
---------------+-------------------+-----
Long Blades    | 4 5 7 9 |  9.5
Armour         | 2 3 5 6 |  6.6
Dodging        | 2 3 5 6 |  6.6
Fighting       | 4 6 7 |  7.6

Action                   |  1- 3 |  4- 6 |  7- 9 || total
-------------------------+-------+-------+-------++-------
Melee: Falchion          |    18 |    25 |     9 ||    52
Throw: Stone             |       |       |     1 ||     1
Invok: Berserk           |     2 |     3 |     1 ||     6
  Use: Scroll            |       |       |     1 ||     1
  Eat: Chunk             |       |     2 |     1 ||     3
Armor: Animal skin       |     1 |       |       ||     1
       Scale mail        |       |     5 |     5 ||    10
Dodge: Dodged            |     7 |     7 |     3 ||    17
       Rpst.: Falchion   |     3 |     2 |       ||     5
